 Dungeon Crawl Stone Soup version 0.20.1-1-g8b1a95d (webtiles) character file.

376 tmwrnj the Chopper (level 6, -4/53 HPs)
             Began as a Hill Orc Fighter on July 31, 2017.
             Was an Initiate of Beogh.
             Slain by an ogre
             ... wielding a +0 giant spiked club
              (30 damage)
             ... on level 4 of the Dungeon.
             The game lasted 00:08:53 (2943 turns).

tmwrnj the Chopper (Hill Orc Fighter)               Turns: 2943, Time: 00:08:53

Health: -4/53      AC: 10    Str: 20    XL:     6   Next: 73%
Magic:  6/6        EV:  6    Int:  8    God:    Beogh [......]
Gold:   234        SH:  9    Dex: 11    Spells: 5/5 levels left

rFire    . . .     SeeInvis .   a - +0 war axe
rCold    . . .     Gourm    .   c - +0 shield
rNeg     . . .     Faith    .   q - +0 chain mail
rPois    .         Spirit   .   u - +0 helmet
rElec    .         Reflect  .   (no cloak)
rCorr    .         Harm     .   (no gloves)
MR       .....                  (no boots)
Stlth    ..........             (no amulet)
Regen    0.2/turn               (no ring)
MPRegen  0.1/turn               (no ring)

@: no status effects
A: no striking features
a: Renounce Religion


You were on level 4 of the Dungeon.
You worshipped Beogh.
Beogh was noncommittal.
You were not hungry.

You visited 1 branch of the dungeon, and saw 4 of its levels.

You collected 234 gold pieces.

Inventory:

Hand Weapons
 a - a +0 war axe (weapon)
Armour
 c - a +0 shield (worn)
 j - a +0 cloak of poison resistance
 q - a +0 chain mail (worn)
 u - a +0 helmet (worn)
Jewellery
 k - an uncursed ring of poison resistance {unknown}
 p - an uncursed amulet of faith {unknown}
Scrolls
 e - a scroll of recharging
 h - 7 scrolls of identify
 i - a scroll of fear {unknown}
 l - 2 scrolls of magic mapping {unknown}
 m - 2 scrolls of enchant armour
 n - 3 scrolls of amnesia {unknown}
 r - a scroll of teleportation {unknown}
 s - a scroll of fog {unknown}
Potions
 d - 2 potions of might
 o - 2 potions of mutation {unknown}
 t - a potion of invisibility {unknown}
 v - a potion of degeneration {unknown}
 w - a potion of heal wounds {unknown}
Comestibles
 b - 2 fruits
 f - 2 bread rations
 g - 3 meat rations


   Skills:
 + Level 4.6 Fighting
 + Level 5.9 Axes
 + Level 4.6 Armour
 + Level 0.8 Dodging
 + Level 4.9 Shields


You had 5 spell levels left.
You didn't know any spells.

Dungeon Overview and Level Annotations

Branches:
Dungeon (4/15)
 Temple: D:4-7

Altars:
Gozag
Hepliaklqana
Makhleb
Okawaru
Ru


Message History

Found a stone staircase leading down.
An ogre comes into view. It is wielding a giant spiked club.
The ogre shouts!
You see here a fuming orange potion.
w - a fuming orange potion You hit the ogre.
The ogre is lightly wounded.
The ogre hits you with a giant spiked club.
A necrophage comes into view.
You barely miss the ogre.
The ogre is lightly wounded.
You block the ogre's attack.
You slash the ogre!
The ogre is severely wounded.
The ogre hits you with a giant spiked club!!
You hit the ogre.
The ogre is severely wounded.
The ogre hits you with a giant spiked club!!
Ouch! That really hurt!
You die...

# ## #. .#
#.###.## #.#....
...>. .n.
##.#####O#
........@# #
...###..######.#
#..###.<#...$..#
#...............
#.####.#..###..
#.#..# # ##.#..#
. #.....###.#
#>#.........# ##
.#


You could see an ogre and a necrophage.

Vanquished Creatures
  A phantom (D:4)
  A scorpion (D:4)
  A hound (D:4)
  An iguana (D:3)
  A worker ant (D:4)
  A hound skeleton (D:4)
  5 adders
  2 oozes
  6 worms
  A dart slug (D:2)
  2 leopard geckos
  7 orcs
  5 giant cockroaches
  5 goblins
  2 hobgoblins
  4 jackals
  A quokka (D:3)
  A ball python (D:1)
  7 bats
  A frilled lizard (D:1)
  8 kobolds
  A leopard gecko skeleton (D:4)
  4 rats
68 creatures vanquished.

Notes
Turn   | Place    | Note
-------+----------+-------------------------------------------
     0 | D:1      | tmwrnj the Hill Orc Fighter began the quest for the Orb.
     0 | D:1      | Reached XP level 1. HP: 19/19 MP: 1/1
   182 | D:1      | Reached skill level 3 in Axes
   182 | D:1      | Reached XP level 2. HP: 27/27 MP: 2/2
   798 | D:2      | Reached XP level 3. HP: 28/33 MP: 3/3
   799 | D:2      | Found an opulent altar of Gozag.
  1106 | D:2      | HP: 1/33 [adder (2)]
  1276 | D:2      | Reached XP level 4. HP: 27/40 MP: 4/4
  1297 | D:2      | Found an iron altar of Okawaru.
  1298 | D:2      | Found a sacrificial altar of Ru.
  1300 | D:2      | Found a hazy altar of Hepliaklqana.
  1300 | D:2      | Found a burning altar of Makhleb.
  1356 | D:2      | Reached skill level 4 in Axes
  1812 | D:3      | Reached XP level 5. HP: 18/46 MP: 5/5
  2181 | D:3      | Noticed an ice beast
  2613 | D:4      | Reached skill level 5 in Axes
  2680 | D:4      | Noticed a phantom
  2722 | D:4      | Killed a phantom
  2722 | D:4      | Reached XP level 6. HP: 45/53 MP: 6/6
  2850 | D:4      | Became a worshipper of Beogh the Brigand
  2941 | D:4      | Noticed a necrophage
  2943 | D:4      | Slain by an ogre

Skill      XL: |  1  2  3  4  5 |
---------------+----------------+-----
Axes           | 3 4 5 |  5.9
Fighting       | 4 |  4.6
Shields        | 4 |  4.9
Armour         | 4 |  4.6
Dodging        | |  0.8

Action                   |  1- 3 |  4- 6 || total
-------------------------+-------+-------++-------
Melee: War axe           |   117 |   191 ||   308
Invok: Convert to Beogh  |       |     1 ||     1
  Use: Scroll            |     1 |     1 ||     2
       Potion            |     2 |       ||     2
  Eat: Chunk             |       |     6 ||     6
       Fruit             |       |     1 ||     1
Armor: Scale mail        |    57 |    11 ||    68
       Chain mail        |       |    97 ||    97
Dodge: Dodged            |    43 |    44 ||    87
Block: Shield            |    78 |    92 ||   170
